← All builds
Suicide front / Armada / Factory first / OBSERVED BUILD

Standard suicide front

The role's default: factory first (mostly Bot Lab), pushing Rocketeer-led bot play into the middle to contest and hold the front, with an Advanced Metal Extractor around 9:36 as the natural transition.

Usually lab first (63%)

#raid #push · 1291 distinct matches · 127 players · 71% of Armada Suicide front games · team won 59% of 1529 · Recently observed

HOW TO PLAY IT

Key timing: Bot Lab by 0:20

  1. Open with mex and wind, drop Bot Lab immediately.
  2. Push out first "Centurion" as Pond's boost lands.
  3. Send "Rocketeer", "Centurion", "Pawn" mix to contest middle.
  4. Add Dragon's Teeth and Sentries to hold the line.
  5. Get Advanced Metal Extractor up as T2 nears.

Phase by phase

TYPICAL OF ITS 1291 GAMES
  1. 1
  2. 2
  3. 3
PLAY THE OPENING

Follow the example game's first 6:00 step by step: what to build now, what comes next, and where it goes. At 1× it keeps pace with your own game.

  1. 1

    Bot Lab first

    Order
    1. Bot LabBot Lab done ~0:20, middle half 0:20–0:33

    Some games also: mex (36%)

  2. 2

    Bot Lab to 5:00

    Economy
    • Metal Extractor5Mex
    • Wind Turbine4Wind
    Builders
    • Construction Bot3 Con bot
    • Lazarus2 Lazarus
    Army
    • Sentry4 Sentry
    • Rocketeer17 Rocketeer
    • Tick2 Tick
    • Centurion1 Centurion
    Other
    • Radar Tower1 Radar Tower

    Some games also: con turret (35%) · pawn (32%)

    By 5:00 in all: 5 mex · 4 wind

    The example game in this phase · 41 steps
    1. TickTick ×2
    2. Construction BotCon bot
    3. SentrySentry
    4. Construction BotCon bot
    5. Mex
    6. LazarusLazarus
    7. Mex
    8. PawnPawn
    9. BeamerBeamer
    10. CenturionCenturion
    11. Mex
    12. BeamerBeamer ×2
    13. Mex
    14. Construction BotCon bot
    15. BeamerBeamer
    16. Wind
    17. LazarusLazarus
    18. Mex
    19. Construction BotCon bot
    20. Wind
    21. BeamerBeamer
    22. Radar TowerRadar Tower
    23. CenturionCenturion
    24. Wind
    25. BeamerBeamer
    26. Wind
    27. BeholderBeholder ×2
    28. RocketeerRocketeer
    29. Wind
    30. RocketeerRocketeer
    31. Wind
    32. BeamerBeamer
    33. RocketeerRocketeer
    34. Wind
    35. RocketeerRocketeer
    36. Wind
    37. RocketeerRocketeer
    38. Energy storage
    39. TickTick
    40. LazarusLazarus
    41. CenturionCenturion
  3. 3

    5:00 to 10:00

    Economy
    • Metal Extractor1Mex
    • Wind Turbine17Wind
    Builders
    • Construction Turret2 Con turret
    • Lazarus2 Lazarus
    • Construction Bot1 Con bot
    Army
    • Sentry1 Sentry
    • Rocketeer8 Rocketeer
    • Pawn1 Pawn

    Some games also: tick (47%) · energy storage (46%) · Radar Tower (46%) · centurion (45%) · Beamer (39%)

    By 10:00 in all: 6 mex · 23 wind · 1 energy storage · 3 con turret

    The example game in this phase · 287 steps
    1. CenturionCenturion
    2. Con turret
    3. CenturionCenturion
    4. Mex
    5. LazarusLazarus
    6. Con turret
    7. CenturionCenturion ×3
    8. BeholderBeholder
    9. LazarusLazarus
    10. SentrySentry
    11. Con turret
    12. CenturionCenturion ×3
    13. Con turret ×2
    14. Radar TowerRadar Tower
    15. LazarusLazarus
    16. Mex
    17. Metal storage
    18. CenturionCenturion
    19. Wind
    20. CenturionCenturion ×2
    21. Wind
    22. LazarusLazarus
    23. CenturionCenturion
    24. Wind ×2
    25. CenturionCenturion
    26. Converter
    27. CenturionCenturion
    28. LazarusLazarus
    29. Con turret
    30. Wind
    31. LazarusLazarus
    32. Wind
    33. Advanced Metal ExtractorT2 mexdone 8:33 · typical 9:36
    34. LazarusLazarus
    35. Wind ×3
    36. Converter
    37. PawnPawn ×2
    38. Wind
    39. Advanced Metal ExtractorT2 mex
    40. PawnPawn
    41. Wind ×2
    42. PawnPawn
    43. Wind
    44. Converter
    45. PawnPawn
    46. Advanced Metal ExtractorT2 mex
    47. PawnPawn
    48. Wind
    49. LazarusLazarus
    50. Wind
    51. Con turret
    52. PawnPawn
    53. Wind ×2
    54. PawnPawn ×2
    55. Converter
    56. Wind
    57. PawnPawn
    58. Wind
    59. PawnPawn
    60. Wind
    61. PawnPawn
    62. Wind ×2
    63. PawnPawn ×2
    64. Wind ×2
    65. PawnPawn
    66. Advanced Metal ExtractorT2 mex
    67. Converter
    68. Wind
    69. Converter
    70. PawnPawn
    71. Wind
    72. PawnPawn
    73. Wind
    74. PawnPawn
    75. Wind ×2
    76. PawnPawn ×2
    77. Wind ×2
    78. PawnPawn
    79. Wind
    80. PawnPawn
    81. Wind
    82. PawnPawn
    83. Converter
    84. Con turret
    85. Wind
    86. PawnPawn
    87. Wind
    88. Converter
    89. Con turret
    90. PawnPawn
    91. Wind ×2
    92. Con turret
    93. Wind
    94. PawnPawn
    95. Wind
    96. PawnPawn
    97. Wind
    98. PawnPawn
    99. Con turret
    100. PawnPawn
    101. Converter
    102. PawnPawn
    103. Wind
    104. PawnPawn
    105. Wind
    106. Advanced Metal ExtractorT2 mex
    107. PawnPawn
    108. Vehicle PlantVehicle Plantdone 11:20
    109. Wind ×2
    110. PawnPawn
    111. Converter
    112. Vehicle PlantVehicle Plantdone 11:24
    113. BlitzBlitz
    114. PawnPawn
    115. Wind
    116. PawnPawn
    117. Wind
    118. BlitzBlitz
    119. Wind
    120. PawnPawn
    121. BlitzBlitz
    122. Wind
    123. PawnPawn
    124. BlitzBlitz
    125. Converter
    126. BlitzBlitz
    127. PawnPawn
    128. BlitzBlitz ×2
    129. Wind
    130. PawnPawn
    131. BlitzBlitz
    132. Wind
    133. BlitzBlitz
    134. PawnPawn
    135. BlitzBlitz
    136. Wind
    137. BlitzBlitz
    138. Wind
    139. BlitzBlitz
    140. PawnPawn
    141. Converter
    142. BlitzBlitz ×2
    143. PawnPawn
    144. Wind
    145. BlitzBlitz
    146. Wind
    147. BlitzBlitz
    148. PawnPawn
    149. Wind
    150. BlitzBlitz
    151. Wind
    152. PawnPawn
    153. BlitzBlitz ×2
    154. Converter
    155. PawnPawn
    156. BlitzBlitz ×2
    157. PawnPawn
    158. BlitzBlitz
    159. Wind ×2
    160. BlitzBlitz
    161. PawnPawn
    162. BlitzBlitz ×2
    163. Wind ×2
    164. PawnPawn
    165. BlitzBlitz
    166. Wind
    167. BlitzBlitz
    168. PawnPawn
    169. BlitzBlitz
    170. Wind
    171. BlitzBlitz
    172. Converter
    173. PawnPawn
    174. BlitzBlitz ×2
    175. Wind ×2
    176. PawnPawn
    177. BlitzBlitz ×2
    178. Converter
    179. Wind
    180. PawnPawn
    181. BlitzBlitz ×2
    182. Wind
    183. PawnPawn
    184. Wind
    185. BlitzBlitz ×2
    186. PawnPawn
    187. BlitzBlitz ×2
    188. Wind ×2
    189. PawnPawn
    190. BlitzBlitz ×2
    191. Wind
    192. PawnPawn
    193. BlitzBlitz
    194. Wind
    195. BlitzBlitz
    196. PawnPawn
    197. BlitzBlitz ×2
    198. Wind ×2
    199. PawnPawn
    200. BlitzBlitz ×2
    201. Wind ×2
    202. BlitzBlitz
    203. PawnPawn
    204. BlitzBlitz
    205. Wind
    206. Converter
    207. PawnPawn
    208. BlitzBlitz ×2
    209. Converter
    210. PawnPawn
    211. BlitzBlitz ×2
    212. Wind
    213. PawnPawn
    214. BlitzBlitz
    215. Wind
    216. BlitzBlitz
    217. Wind
    218. PawnPawn
    219. BlitzBlitz ×2
    220. Wind
    221. PawnPawn
    222. BlitzBlitz ×2
    223. PawnPawn
    224. BlitzBlitz
    225. Wind
    226. BlitzBlitz
    227. Wind
    228. PawnPawn
    229. BlitzBlitz ×2
    230. Wind ×2
    231. PawnPawn
    232. BlitzBlitz ×2
    233. Wind
    234. Converter
    235. PawnPawn
    236. BlitzBlitz ×2
    237. Converter
    238. PawnPawn
    239. BlitzBlitz ×2
    240. PawnPawn
    241. Wind
    242. BlitzBlitz ×2
    243. Wind
    244. PawnPawn
    245. BlitzBlitz
    246. Wind
    247. Advanced Metal ExtractorT2 mex
    248. BlitzBlitz
    249. Wind
    250. PawnPawn
    251. BlitzBlitz ×2
    252. PawnPawn
    253. BlitzBlitz
    254. Wind
    255. BlitzBlitz
    256. Wind
    257. PawnPawn
    258. BlitzBlitz ×2
    259. Wind
    260. PawnPawn
    261. BlitzBlitz
    262. Wind ×2
    263. BlitzBlitz
    264. PawnPawn
    265. BlitzBlitz
    266. Wind
    267. BlitzBlitz
    268. Converter
    269. PawnPawn
    270. BlitzBlitz ×2
    271. Converter
    272. PawnPawn
    273. BlitzBlitz
    274. Wind
    275. BlitzBlitz
    276. Wind
    277. PawnPawn
    278. BlitzBlitz ×2
    279. Wind ×2
    280. PawnPawn
    281. BlitzBlitz ×2
    282. Wind
    283. PawnPawn
    284. BlitzBlitz
    285. Wind
    286. RattlesnakeRattlesnakenot finished by 15:00
    287. BlitzBlitz

Counts are medians over the build's games: half of them build more, half fewer. The example game is Soliloqueur's (39 OS, 28/09/2026); pick another.

Team trades

IN AT LEAST 30% OF ITS GAMES

You hand over

Nothing regular.

You get

  • Tidal Generator4 Tidal from Pondfirst at 0:10 · in 69% of games
  • Advanced Construction Bot1 T2 con bot from Geo or Techfirst at 7:30 · in 59% of games

How it plays out

Typical game of this build, running totals by minute

Metal produced

010k20k30k
0:005:0010:0015:00

metal

Enemy metal destroyed

05k10k
0:005:0010:0015:00

metal

Own metal lost

05k10k
0:005:0010:0015:00

metal

1529 games.

Show as table
ByMetal produced: This buildEnemy metal destroyed: This buildOwn metal lost: This build
1:0022600
2:0088800
3:002051180106
4:003161658496
5:00424314131026
6:00543322981789
7:00667031752710
8:00792040313619
9:00931747964495
10:001069954265316
11:001226559036054
12:001411365126830
13:001622270137536
14:001810976968373
15:002046683299249
WHAT THE NUMBERS SAY

Standard suicide front play wins slightly more than half its games with fast kills but also fast losses, matching the raw grind of the role.

  • + First kill lands by 2:04 in all games
  • + Metal produced reaches 19882 by 15:00
  • − Own metal lost hits 9208 by 15:00, near metal destroyed of 8172
  • − First unit lost as early as 2:08 in every game
THE EXAMPLE YOU ARE READING

Soliloqueur

39.5 OS · 28/09/2026

Open source match ↗

5 received units · includes a constructor
392 metal received · 67721 energy received

Allied construction assistance is unknown. Timings are observations, not a promise of solo reproducibility.

Typical milestones

Bot Lab0:20Middle 50%: 0:20–0:33 · n=1522
Advanced Metal Extractor9:36Middle 50%: 8:41–10:48 · n=1128

Played most by

_X_253games of this buildPlatinumBlonde181games of this buildXad120games of this buildImmort73games of this buildwatermeloans60games of this build
Standard suicide front · Armada Suicide front build order · BAR Build Atlas